TOP OF THE 1ST |
Lakewood BlueClaws batting - Pitching for Atlanta (MID) Braves : RHP Jae-young Jhang
|
Pitching: RHP Jae-young Jhang
|
|
Batting: RHB Chris Myers
|
0-0: Ground out 6-3 (Groundball, 6, EV 101.9 MPH)
|
Batting: RHB Prabhukumar Santhanakrishnan
|
0-0: Called Strike 0-1: Ball 1-1: Foul Ball, location: 2F 1-2: Ground out 5-3 (Groundball, 56, EV 93.1 MPH)
|
Batting: RHB Matt McDevitt
|
0-0: Ball 1-0: Called Strike 1-1: Ball 2-1: Swinging Strike 2-2: Strikes out looking
|
Top of the 1st over - 0 runs, 0 hits, 0 errors, 0 left on base; Lakewood 0 - Atlanta (MID) 0 |
BOTTOM OF THE 1ST |
Atlanta (MID) Braves batting - Pitching for Lakewood BlueClaws : RHP John Hughes
|
Pitching: RHP John Hughes
|
|
Batting: LHB Tsutomu Miyahara
|
0-0: Called Strike 0-1: Foul Ball, location: 2F 0-2: SOLO HOME RUN (Flyball, 9D, EV 98.1 MPH), Distance : 366 ft
|
Batting: RHB Toki Takeuchi
|
0-0: Ball 1-0: Swinging Strike 1-1: Ball 2-1: Swinging Strike 2-2: Ball 3-2: Foul Ball, location: 2F 3-2: Foul Ball, location: 2F 3-2: Base on Balls
|
Batting: SHB Richello Badua
|
0-0: Called Strike Toki Takeuchi steals 2nd base 0-1: Ground out 4-3 (Groundball, 34D, EV 86.2 MPH) Toki Takeuchi to third
|
Batting: LHB Ben Goldstein
|
0-0: Fly out, F4 (Popup, 34, EV 65.0 MPH)
|
Batting: LHB Oke Monti
|
0-0: Ground out 4-3 (Groundball, 4M, EV 81.2 MPH)
|
Bottom of the 1st over - 1 run, 1 hit, 0 errors, 1 left on base; Lakewood 0 - Atlanta (MID) 1 |
TOP OF THE 2ND |
Lakewood BlueClaws batting - Pitching for Atlanta (MID) Braves : RHP Jae-young Jhang
|
Batting: LHB Josh George
|
0-0: Ground out 6-3 (Groundball, 6, EV 81.9 MPH)
|
Batting: RHB Victor Arroyo
|
0-0: Called Strike 0-1: Ball 1-1: Foul Ball, location: 2F 1-2: SINGLE (Line Drive, 9LM, EV 101.2 MPH)
|
Batting: RHB Roberto Ruiz
|
0-0: Ball 1-0: Ball 2-0: Foul Ball, location: 2F 2-1: Ball 3-1: Swinging Strike 3-2: Strikes out swinging
|
Batting: LHB Danny Zuniga
|
0-0: Called Strike 0-1: Ball 1-1: Ball 2-1: Ball 3-1: Base on Balls Victor Arroyo to second
|
Batting: RHB Gary Hills
|
0-0: Ball 1-0: Foul Ball, location: 2F 1-1: Called Strike 1-2: Ball 2-2: Foul Ball, location: 2F 2-2: Fly out, F9 (Flyball, 9D, EV 98.8 MPH)
|
Top of the 2nd over - 0 runs, 1 hit, 0 errors, 2 left on base; Lakewood 0 - Atlanta (MID) 1 |
BOTTOM OF THE 2ND |
Atlanta (MID) Braves batting - Pitching for Lakewood BlueClaws : RHP John Hughes
|
Batting: SHB Ian Arlotta
|
0-0: Called Strike 0-1: Foul Ball, location: 2F 0-2: Strikes out looking
|
Batting: RHB Alex Velasquez
|
0-0: Foul Ball, location: 2F 0-1: Ball 1-1: Ball 2-1: Ball 3-1: Swinging Strike 3-2: Base on Balls
|
Batting: RHB Mike Shook
|
0-0: Ball Alex Velasquez steals 2nd base 1-0: Ground out 4-3 (Groundball, 4, EV 91.9 MPH) Alex Velasquez to third
|
Batting: RHB Ingidayehu Lagat
|
0-0: Called Strike 0-1: Ball 1-1: Called Strike 1-2: Strikes out looking
|
Bottom of the 2nd over - 0 runs, 0 hits, 0 errors, 1 left on base; Lakewood 0 - Atlanta (MID) 1 |
TOP OF THE 3RD |
Lakewood BlueClaws batting - Pitching for Atlanta (MID) Braves : RHP Jae-young Jhang
|
Batting: RHB Pablo Lopez
|
0-0: Ball 1-0: Called Strike 1-1: Ground out 6-3 (Groundball, 6, EV 81.2 MPH)
|
Batting: RHB Chris Myers
|
0-0: Fly out, F7 (Flyball, 78D, EV 105.0 MPH)
|
Batting: RHB Prabhukumar Santhanakrishnan
|
0-0: Ball 1-0: Called Strike 1-1: Ball 2-1: Ball 3-1: Foul Ball, location: 2F 3-2: Ground out 6-3 (Groundball, 6, EV 102.5 MPH)
|
Top of the 3rd over - 0 runs, 0 hits, 0 errors, 0 left on base; Lakewood 0 - Atlanta (MID) 1 |
BOTTOM OF THE 3RD |
Atlanta (MID) Braves batting - Pitching for Lakewood BlueClaws : RHP John Hughes
|
Batting: LHB Tsutomu Miyahara
|
0-0: Ball 1-0: Swinging Strike 1-1: Ball 2-1: Called Strike 2-2: Ball 3-2: Ground out 4-3 (Groundball, 34, EV 88.8 MPH)
|
Batting: RHB Toki Takeuchi
|
0-0: Called Strike 0-1: Ball 1-1: Swinging Strike 1-2: Ball 2-2: Strikes out swinging
|
Batting: SHB Richello Badua
|
0-0: Called Strike 0-1: Ball 1-1: Ball 2-1: Ball 3-1: Base on Balls
|
Batting: LHB Ben Goldstein
|
0-0: Called Strike Richello Badua steals 2nd, throwing error, E2 Richello Badua to third 0-1: Ball 1-1: Foul Ball, location: 2F 1-2: Ground out U3 (Groundball, 3, EV 88.1 MPH)
|
Bottom of the 3rd over - 0 runs, 0 hits, 1 error, 1 left on base; Lakewood 0 - Atlanta (MID) 1 |
TOP OF THE 4TH |
Lakewood BlueClaws batting - Pitching for Atlanta (MID) Braves : RHP Jae-young Jhang
|
Batting: RHB Matt McDevitt
|
0-0: Ball 1-0: Foul Ball, location: 2F 1-1: Ground out 6-3 (Groundball, 6, EV 90.6 MPH)
|
Batting: LHB Josh George
|
0-0: Called Strike 0-1: Ball 1-1: Fly out, F7 (Flyball, 7, EV 83.1 MPH)
|
Batting: RHB Victor Arroyo
|
0-0: Foul Ball, location: 2F 0-1: Ball 1-1: Ball 2-1: Foul Ball, location: 2F 2-2: Ball 3-2: Ground out 3-1 (Groundball, 34S, EV 68.1 MPH)
|
Top of the 4th over - 0 runs, 0 hits, 0 errors, 0 left on base; Lakewood 0 - Atlanta (MID) 1 |
BOTTOM OF THE 4TH |
Atlanta (MID) Braves batting - Pitching for Lakewood BlueClaws : RHP John Hughes
|
Batting: LHB Oke Monti
|
0-0: Swinging Strike 0-1: Swinging Strike 0-2: Foul Ball, location: 2F 0-2: Ball 1-2: Ball 2-2: Ground out 6-3 (Groundball, 6D, EV 106.2 MPH)
|
Batting: SHB Ian Arlotta
|
0-0: Called Strike 0-1: Ball 1-1: Ball 2-1: Bunt missed! 2-2: Foul Ball, location: 2F 2-2: Ball 3-2: Strikes out swinging
|
Batting: RHB Alex Velasquez
|
0-0: Ball 1-0: Called Strike 1-1: Ball 2-1: Ball 3-1: DOUBLE (Flyball, 8LXD, EV 103.1 MPH)
|
Batting: RHB Mike Shook
|
0-0: SINGLE (Line Drive, 34D, EV 93.8 MPH) Alex Velasquez to third Runner from 3rd tries for Home, throw by RF and OUT! 9-2
|
Bottom of the 4th over - 0 runs, 2 hits, 0 errors, 1 left on base; Lakewood 0 - Atlanta (MID) 1 |
TOP OF THE 5TH |
Lakewood BlueClaws batting - Pitching for Atlanta (MID) Braves : RHP Jae-young Jhang
|
Batting: RHB Roberto Ruiz
|
0-0: Called Strike 0-1: Ball 1-1: Called Strike 1-2: Ground out 6-3 (Groundball, 56D, EV 98.8 MPH)
|
Batting: LHB Danny Zuniga
|
0-0: Foul Ball, location: 2F 0-1: Ball 1-1: Swinging Strike 1-2: Fly out, F8 (Flyball, 8RS, EV 89.4 MPH)
|
Batting: RHB Gary Hills
|
0-0: Ball 1-0: Ball 2-0: Ball 3-0: Called Strike 3-1: DOUBLE (Line Drive, 7LS, EV 102.5 MPH)
|
Batting: RHB Pablo Lopez
|
0-0: Ball 1-0: SINGLE (Flyball, 8RS, EV 95.0 MPH) Gary Hills to third Runner from 3rd tries for Home, throw by CF and OUT! 8-2
|
Top of the 5th over - 0 runs, 2 hits, 0 errors, 1 left on base; Lakewood 0 - Atlanta (MID) 1 |
BOTTOM OF THE 5TH |
Atlanta (MID) Braves batting - Pitching for Lakewood BlueClaws : RHP John Hughes
|
Batting: RHB Ingidayehu Lagat
|
0-0: Ball 1-0: Ground out 4-3 (Groundball, 4, EV 81.9 MPH)
|
Batting: LHB Tsutomu Miyahara
|
0-0: Called Strike 0-1: Ball 1-1: Ball 2-1: Swinging Strike 2-2: Ball 3-2: Base on Balls
|
Pitching: RHP Jorge Sanchez
|
|
Batting: RHB Toki Takeuchi
|
0-0: Ball 1-0: Ball Wild Pitch! Tsutomu Miyahara to second 2-0: Swinging Strike 2-1: Swinging Strike 2-2: Strikes out looking
|
Batting: SHB Richello Badua
|
0-0: Ball 1-0: Foul Ball, location: 2F 1-1: Ball 2-1: Ball 3-1: Foul Ball, location: 2F 3-2: Strikes out swinging
|
Bottom of the 5th over - 0 runs, 0 hits, 0 errors, 1 left on base; Lakewood 0 - Atlanta (MID) 1 |
TOP OF THE 6TH |
Lakewood BlueClaws batting - Pitching for Atlanta (MID) Braves : RHP Jae-young Jhang
|
Batting: RHB Chris Myers
|
0-0: Called Strike 0-1: SINGLE (Groundball, 34D, EV 105.6 MPH)
|
Batting: RHB Prabhukumar Santhanakrishnan
|
0-0: Ball 1-0: Ball 2-0: Called Strike 2-1: Grounds into double play, 6-4-3 (Groundball, 6, EV 96.9 MPH)
|
Batting: RHB Matt McDevitt
|
0-0: Ball 1-0: SINGLE (Line Drive, 89M, EV 103.8 MPH)
|
Batting: LHB Josh George
|
0-0: Ground out 4-3 (Groundball, 4, EV 87.5 MPH)
|
Top of the 6th over - 0 runs, 2 hits, 0 errors, 1 left on base; Lakewood 0 - Atlanta (MID) 1 |
BOTTOM OF THE 6TH |
Atlanta (MID) Braves batting - Pitching for Lakewood BlueClaws : RHP Jorge Sanchez
|
Batting: LHB Ben Goldstein
|
0-0: Called Strike 0-1: Ball 1-1: Swinging Strike 1-2: SINGLE (Groundball, 6MD, EV 100.6 MPH)
|
Batting: LHB Oke Monti
|
0-0: Ball 1-0: Ball 2-0: Ball 3-0: Called Strike 3-1: Foul Ball, location: 2F 3-2: 2-RUN HOME RUN (Flyball, 7D, EV 95.0 MPH), Distance : 376 ft
|
Batting: SHB Ian Arlotta
|
0-0: Ball 1-0: Ball 2-0: Swinging Strike 2-1: Ball 3-1: Base on Balls
|
Batting: RHB Alex Velasquez
|
0-0: Called Strike 0-1: Called Strike 0-2: Ball 1-2: Fly out, F4 (Flyball, 4D, EV 84.4 MPH)
|
Batting: RHB Mike Shook
|
0-0: Called Strike 0-1: Ball 1-1: Ball Ian Arlotta steals 2nd base 2-1: Ball Ian Arlotta steals 3rd, throwing error, E2 Ian Arlotta scores 3-1: Foul Ball, location: 2F 3-2: Foul Ball, location: 2F 3-2: Base on Balls
|
Pitching: RHP Ronnie DeAngelo
|
|
Batting: RHB Ingidayehu Lagat
|
0-0: Ball 1-0: SINGLE (Groundball, 56D, EV 95.6 MPH) Mike Shook to second
|
Batting: LHB Tsutomu Miyahara
|
0-0: Ball 1-0: Ball 2-0: Called Strike 2-1: Ball 3-1: Base on Balls Mike Shook to third Ingidayehu Lagat to second
|
Batting: RHB Toki Takeuchi
|
0-0: Foul Ball, location: 2F 0-1: Swinging Strike 0-2: Ball 1-2: Foul Ball, location: 2F 1-2: Ball 2-2: Ball 3-2: Foul Ball, location: 2F 3-2: Base on Balls Mike Shook scores Ingidayehu Lagat to third Tsutomu Miyahara to second
|
Batting: SHB Richello Badua
|
0-0: Foul Ball, location: 2F 0-1: Ball 1-1: Fly out, F7 (Flyball, 7S, EV 80.6 MPH)
|
Batting: LHB Ben Goldstein
|
0-0: Called Strike 0-1: DOUBLE (Line Drive, 9LS, EV 110.0 MPH) Ingidayehu Lagat scores Tsutomu Miyahara scores Toki Takeuchi to third Runner from 3rd tries for Home, SAFE, throw by RF to trailing runner, SAFE at third!
|
Batting: LHB Oke Monti
|
0-0: Ball 1-0: Called Strike 1-1: Foul Ball, location: 2F 1-2: Fly out, F8 (Line Drive, 8LD, EV 103.1 MPH)
|
Bottom of the 6th over - 7 runs, 4 hits, 1 error, 1 left on base; Lakewood 0 - Atlanta (MID) 8 |
TOP OF THE 7TH |
Lakewood BlueClaws batting - Pitching for Atlanta (MID) Braves : RHP Jae-young Jhang
|
Batting: RHB Victor Arroyo
|
0-0: Ball 1-0: Called Strike 1-1: Ball 2-1: Called Strike 2-2: Foul Ball, location: 2F 2-2: Ball 3-2: Foul Ball, location: 2F 3-2: Fly out, F8 (Line Drive, 8LD, EV 103.8 MPH)
|
Pitching: RHP Andy Britton
|
|
Pinch Hitting: SHB Mike Rueth
|
0-0: Foul Ball, location: 2F 0-1: Foul Ball, location: 2F 0-2: Foul Ball, location: 2F 0-2: Ball 1-2: Ball 2-2: Fly out, F4 (Flyball, 34D, EV 89.4 MPH)
|
Batting: LHB Danny Zuniga
|
0-0: Ball 1-0: Called Strike 1-1: Ball 2-1: Called Strike 2-2: Strikes out swinging
|
Top of the 7th over - 0 runs, 0 hits, 0 errors, 0 left on base; Lakewood 0 - Atlanta (MID) 8 |
BOTTOM OF THE 7TH |
Atlanta (MID) Braves batting - Pitching for Lakewood BlueClaws : RHP Ronnie DeAngelo
|
Now at 1B: Danny Krug
|
|
Batting: SHB Ian Arlotta
|
0-0: Called Strike 0-1: Swinging Strike 0-2: Ball 1-2: Strikes out swinging
|
Batting: RHB Alex Velasquez
|
0-0: Ball 1-0: Swinging Strike 1-1: Ball 2-1: Ball 3-1: Foul Ball, location: 2F 3-2: Base on Balls
|
Batting: RHB Mike Shook
|
0-0: Ball 1-0: Called Strike 1-1: Foul Ball, location: 2F 1-2: Foul Ball, location: 2F 1-2: Foul Ball, location: 2F 1-2: Strikes out swinging
|
Batting: RHB Ingidayehu Lagat
|
0-0: SINGLE (Groundball, 56D, EV 106.9 MPH) Alex Velasquez to second
|
Batting: LHB Tsutomu Miyahara
|
0-0: Foul Ball, location: 2F 0-1: Fly out, F6 (Popup, 6D, EV 52.5 MPH)
|
Bottom of the 7th over - 0 runs, 1 hit, 0 errors, 2 left on base; Lakewood 0 - Atlanta (MID) 8 |
TOP OF THE 8TH |
Lakewood BlueClaws batting - Pitching for Atlanta (MID) Braves : RHP Andy Britton
|
Batting: RHB Gary Hills
|
0-0: Ball 1-0: Ball 2-0: Ground out 5-3 (Groundball, 56S, EV 85.0 MPH)
|
Batting: RHB Pablo Lopez
|
0-0: Called Strike 0-1: Called Strike 0-2: Ground out 4-3 (Groundball, 4, EV 100.0 MPH)
|
Batting: RHB Chris Myers
|
0-0: SINGLE (Line Drive, 34D, EV 98.1 MPH)
|
Pitching: RHP Jeff Heaster
|
|
Batting: RHB Prabhukumar Santhanakrishnan
|
0-0: Ball 1-0: Called Strike 1-1: Ball 2-1: Foul Ball, location: 2F 2-2: Foul Ball, location: 2F 2-2: Foul Ball, location: 2F 2-2: SINGLE (Groundball, 34D, EV 99.4 MPH) Chris Myers to second
|
Batting: RHB Matt McDevitt
|
0-0: Ball 1-0: Ball 2-0: Swinging Strike 2-1: SINGLE (Groundball, 4D, EV 100.0 MPH) Chris Myers to third Prabhukumar Santhanakrishnan to second Runner from 3rd tries for Home, throw by CF and OUT! 8-2
|
Top of the 8th over - 0 runs, 3 hits, 0 errors, 2 left on base; Lakewood 0 - Atlanta (MID) 8 |
BOTTOM OF THE 8TH |
Atlanta (MID) Braves batting - Pitching for Lakewood BlueClaws : RHP Ronnie DeAngelo
|
Batting: RHB Toki Takeuchi
|
0-0: Ball 1-0: Called Strike 1-1: Ground out 6-3 (Groundball, 6, EV 82.5 MPH)
|
Batting: SHB Richello Badua
|
0-0: Ball 1-0: Ball 2-0: Called Strike 2-1: Ball 3-1: Foul Ball, location: 2F 3-2: SOLO HOME RUN (Flyball, 7LD, EV 94.4 MPH), Distance : 334 ft
|
Pitching: RHP Josh Palmer
|
|
Batting: LHB Ben Goldstein
|
0-0: Ball 1-0: Ball 2-0: Called Strike 2-1: SINGLE (Flyball, 7LS, EV 90.6 MPH)
|
Batting: LHB Oke Monti
|
0-0: Foul Ball, location: 2F 0-1: Fly out, F9 (Flyball, 9LS, EV 74.4 MPH)
|
Batting: SHB Ian Arlotta
|
0-0: Ball 1-0: Ball Passed Ball! Ben Goldstein to second 2-0: Ground out 4-3 (Groundball, 4S, EV 70.6 MPH)
|
Bottom of the 8th over - 1 run, 2 hits, 0 errors, 1 left on base; Lakewood 0 - Atlanta (MID) 9 |
TOP OF THE 9TH |
Lakewood BlueClaws batting - Pitching for Atlanta (MID) Braves : RHP Jeff Heaster
|
Batting: LHB Josh George
|
0-0: Ball 1-0: SINGLE (Groundball, 6S, EV 67.5 MPH) (infield hit)
|
Batting: RHB Victor Arroyo
|
0-0: Called Strike 0-1: Ball 1-1: Ball 2-1: Swinging Strike 2-2: Ball 3-2: Strikes out swinging
|
Batting: RHB Danny Krug
|
0-0: Called Strike 0-1: Called Strike 0-2: Ball 1-2: Strikes out swinging
|
Batting: LHB Danny Zuniga
|
0-0: Ball 1-0: Called Strike 1-1: Ball 2-1: Foul Ball, location: 2F 2-2: Ball 3-2: Fly out, F9 (Flyball, 89M, EV 93.8 MPH)
|
Top of the 9th over - 0 runs, 1 hit, 0 errors, 1 left on base; Lakewood 0 - Atlanta (MID) 9 |
|